 Dungeon Crawl Stone Soup version 0.20.1-1-g8b1a95d (webtiles) character file.

19208 homeworkjunkie the Severer (level 12, 0/106 HPs)
             Began as a Hill Orc Fighter on Dec 4, 2017.
             Was the Champion of Okawaru.
             Slain by a fire elemental (9 damage)
             ... summoned by a deep elf mage
             ... on level 12 of the Dungeon.
             The game lasted 00:23:37 (11331 turns).

homeworkjunkie the Severer (Hill Orc Fighter)      Turns: 11331, Time: 00:23:38

Health: 0/106      AC: 24    Str: 23    XL:     12   Next: 66%
Magic:  16/16      EV:  5    Int:  8    God:    Okawaru [******]
Gold:   1133       SH: 19    Dex: 16    Spells: 11/11 levels left

rFire    . . .     SeeInvis +   a - +3 war axe (flame)
rCold    . . .     Gourm    .   A - +0 large shield {reflect}
rNeg     . . .     Faith    .   h - +6 plate armour
rPois    .         Spirit   .   u - +0 helmet
rElec    .         Reflect  +   j - scarf of Amelioration {Dex+5 SInv}
rCorr    .         Harm     .   o - +0 pair of gloves
MR       .....                  B - +0 pair of boots "Byow" {Stlth+}
Stlth    ..........             (no amulet)
Regen    0.3/turn               G - ring of flight
MPRegen  0.2/turn               l - ring of see invisible

@: no status effects
A: no striking features
a: Heroism, Finesse, Renounce Religion, Evoke Flight


You were on level 12 of the Dungeon.
You worshipped Okawaru.
Okawaru was exalted by your worship.
You were not hungry.

You visited 2 branches of the dungeon, and saw 14 of its levels.
You also visited: Ossuary.

You collected 1523 gold pieces.
You spent 390 gold pieces at shops.

Inventory:

Hand Weapons
 a - a +3 war axe of flaming (weapon)
Armour
 h - a +6 plate armour (worn)
 j - the scarf of Amelioration (worn) {Dex+5 SInv}
   (Okawaru gifted it to you on level 11 of the Dungeon)

   It affects your dexterity (+5).
   It lets you see invisible.
 o - a +0 pair of gloves (worn)
 u - a +0 helmet (worn)
 A - a +0 large shield of reflection (worn)
 B - the +0 pair of boots "Byow" (worn) {Stlth+}
   (Okawaru gifted it to you on level 7 of the Dungeon)

   It makes you more stealthy.
Jewellery
 d - an uncursed ring of ice
 l - a ring of see invisible (right hand)
 q - an uncursed ring of stealth
 G - a ring of flight (left hand)
Wands
 p - a wand of flame (0/48)
 C - a wand of lightning (10/15)
Scrolls
 e - a scroll of identify
 g - a scroll of recharging
 k - 3 scrolls of remove curse
 t - 4 scrolls of fog
 y - 2 scrolls of magic mapping
 D - 3 scrolls of teleportation
Potions
 c - 2 potions of ambrosia
 i - 3 potions of magic
 m - a potion of resistance
 n - a potion of heal wounds
 w - a potion of cancellation
 z - 3 potions of flight
Comestibles
 b - 4 meat rations
 f - 3 bread rations


   Skills:
 * Level 10.0 Fighting
 * Level 15.8 Axes
 * Level 9.4 Armour
 + Level 1.0 Dodging
 + Level 0.1 Stealth
 * Level 11.3 Shields
 * Level 6.0 Evocations


You had 11 spell levels left.
You didn't know any spells.

Dungeon Overview and Level Annotations

Branches:
Dungeon (13/15)            Temple (1/1) D:5            Lair (0/6) D:9
    Orc: D:9-12      Vaults: D:13-14

Altars:
Fedhas
Kikubaaqudgha
Nemelex Xobeh
Okawaru
Sif Muna
Vehumet
Yredelemnul
Zin
Beogh

Shops:
D:4 [![   D:5 [   D:8 }   D:9 %??*


Message History

Your shield and plate armour prevent you from hitting the fire elemental.
You block the fire elemental's attack.
The deep elf mage hits you but does no damage.
You block the fire elemental's attack. x2
You slash the deep elf mage! You burn the deep elf mage.
The deep elf mage is almost dead.
You hit the fire elemental.
Your shield and plate armour prevent you from hitting the fire elemental.
You slash the fire elemental! The fire elemental hits you.
The fire elemental burns you!
* * * LOW HITPOINT WARNING * * *
The fire elemental hits you. The fire elemental burns you!
* * * LOW HITPOINT WARNING * * *
The fire elemental hits you. The fire elemental burns you!
* * * LOW HITPOINT WARNING * * *
The deep elf mage casts a spell.
The deep elf mage blinks!
You block the fire elemental's attack. The fire elemental hits you.
The fire elemental burns you!
You die...

#.# #####.####...
####...)......#
######).).###.######
.......#####..# ########
##..## ##...##...##
##......[...########
#.....>......E@#...##
#...........§EE.....## #.
#..........§§§.......###..eJ
##.......>.§e§........J...J.
##...##............<# ####
####.........## ##...#...##
#########


You could see a deep elf mage and 3 fire elementals.

Vanquished Creatures
  Gastronok (D:10)
  The ghost of Nr616 the Destroyer, a journeyman DDEE of Makhleb (D:11)
  The ghost of p0werm0de the Cleaver, a journeyman GrBe of Trog (D:11)
  The ghost of troglodite the Protected, a journeyman DsBe of Trog (D:12)
  An unseen horror (D:11)
  Pikel (D:3)
  4 ugly things
  A centaur zombie (D:12)
  Joseph (D:6)
  Psyche (D:10)
  A gargoyle (D:11)
  Prince Ribbit (D:9)
  2 hippogriffs
  8 redbacks (D:12)
  19 yaks
  Eustachio (D:4)
  A hungry ghost (D:8)
  Menkaure (D:7)
  2 wargs (D:9)
  Duvessa (D:7)
  4 sky beasts
  A phantom (D:9)
  2 ice beasts (D:7)
  An eye of draining (D:9)
  10 orc warriors
  A black bear (D:7)
  3 ogres
  A necrophage (D:10)
  4 centaurs
  2 crocodiles (D:12)
  A big kobold (D:8)
  7 bullfrogs
  A gnoll sergeant (D:5)
  A wyvern zombie (D:6)
  A wyvern skeleton (D:12)
  Dowan (D:7)
  3 scorpions
  A troll zombie (D:12)
  9 killer bees
  4 wights (D:8)
  7 howler monkeys
  2 crimson imps
  7 hounds
  7 orc priests
  A gnoll shaman (D:8)
  4 jellies
  2 bullfrog skeletons
  A centaur skeleton (D:6)
  5 iguanas
  15 orc wizards
  8 worker ants
  2 hound zombies
  A hound skeleton (D:7)
  3 mummies (Ossuary)
  A worker ant zombie (D:8)
  10 gnolls
  15 adders
  2 shadow imps
  An ooze (D:7)
  6 adder zombies
  4 worms
  2 dart slugs
  6 leopard geckos
  38 orcs
  5 bats
  7 giant cockroaches
  2 gnoll zombies (Ossuary)
  10 goblins
  9 hobgoblins
  13 jackals
  A quokka (D:4)
  3 ball pythons (D:3)
  5 frilled lizards
  3 goblin zombies (Ossuary)
  4 hobgoblin zombies (Ossuary)
  A jackal zombie (D:6)
  7 kobolds
  2 kobold zombies (Ossuary)
  2 leopard gecko skeletons
  A quokka zombie (Ossuary)
  8 rats
  3 rat zombies
  A bush (D:6)
345 creatures vanquished.

Vanquished Creatures (others)
  A human (D:5)
  3 centaurs
4 creatures vanquished.

Grand Total: 349 creatures vanquished

Notes
Turn   | Place    | Note
-------+----------+-------------------------------------------
     0 | D:1      | homeworkjunkie the Hill Orc Fighter began the quest for the Orb.
     0 | D:1      | Reached XP level 1. HP: 19/19 MP: 1/1
    51 | D:1      | Reached XP level 2. HP: 26/27 MP: 2/2
   126 | D:2      | Reached skill level 3 in Axes
   343 | D:2      | Reached XP level 3. HP: 33/33 MP: 3/3
   375 | D:2      | Found a basalt altar of Yredelemnul.
   437 | D:2      | Found a glowing silver altar of Zin.
   638 | D:2      | Reached XP level 4. HP: 36/40 MP: 4/4
   693 | D:3      | Found an iron altar of Okawaru.
   734 | D:3      | Reached skill level 4 in Axes
   736 | D:3      | Became a worshipper of Warmaster Okawaru
  1037 | D:3      | Reached XP level 5. HP: 41/46 MP: 5/5
  1065 | D:4      | Noticed an ogre
  1135 | D:4      | Noticed Pikel
  1135 | D:4      | Noticed a slave
  1135 | D:4      | Noticed a slave
  1135 | D:4      | Noticed a slave
  1136 | D:4      | Noticed a slave
  1181 | D:3      | Found a radiant altar of Vehumet.
  1371 | D:3      | Found a deep blue altar of Sif Muna.
  1578 | D:3      | Killed Pikel
  1578 | D:3      | Reached * piety under Okawaru
  1578 | D:3      | Reached ** piety under Okawaru
  1578 | D:3      | Reached skill level 5 in Fighting
  1578 | D:3      | Reached skill level 7 in Axes
  1578 | D:3      | Reached skill level 5 in Armour
  1578 | D:3      | Reached skill level 5 in Shields
  1578 | D:3      | Reached XP level 6. HP: 49/56 MP: 6/6
  1578 | D:3      | Reached XP level 7. HP: 53/61 MP: 7/7
  2864 | D:5      | Entered Level 5 of the Dungeon
  2928 | D:5      | Found a sparkling altar of Nemelex Xobeh.
  2953 | D:5      | Found a sand-covered staircase.
  2960 | Ossuary  | Entered an ossuary
  3228 | D:5      | Found a staircase to the Ecumenical Temple.
  3234 | Temple   | Entered the Ecumenical Temple
  3248 | D:4      | Found Huekedghaff's Distillery.
  3262 | D:4      | Found Ikisupe's Armour Boutique.
  3263 | D:4      | Bought a potion of heal wounds for 60 gold pieces
  3263 | D:4      | Bought 2 potions of heal wounds for 120 gold pieces
  3286 | D:4      | Noticed Eustachio
  3293 | D:4      | Reached skill level 8 in Axes
  3293 | D:4      | Reached XP level 8. HP: 59/68 MP: 8/8
  3306 | D:4      | Killed Eustachio
  3521 | D:5      | Found an ancient bone altar of Kikubaaqudgha.
  3644 | D:5      | Found Ileath's Antique Armour Shoppe.
  3646 | D:5      | Reached skill level 9 in Axes
  4026 | D:4      | Found Ugieg's Armour Boutique.
  4101 | D:4      | Found an ancient bone altar of Kikubaaqudgha.
  4353 | D:6      | Reached *** piety under Okawaru
  4353 | D:6      | Reached skill level 1 in Evocations
  4379 | D:7      | Noticed Joseph
  4587 | D:6      | Found a blossoming altar of Fedhas.
  4784 | D:6      | Killed Joseph
  4784 | D:6      | Reached **** piety under Okawaru
  4784 | D:6      | Reached skill level 10 in Axes
  4784 | D:6      | Reached XP level 9. HP: 55/77 MP: 10/10
  5879 | D:7      | Noticed Menkaure
  5887 | D:7      | Killed Menkaure
  5887 | D:7      | Reached skill level 11 in Axes
  6352 | D:7      | Reached ***** piety under Okawaru
  6354 | D:7      | Noticed Dowan
  6358 | D:7      | Noticed Duvessa
  6371 | D:7      | Killed Dowan
  6378 | D:7      | Killed Duvessa
  6576 | D:7      | Reached XP level 10. HP: 30/86 MP: 11/11
  6818 | D:7      | Reached skill level 12 in Axes
  6896 | D:7      | Received a gift from Okawaru
  6897 | D:7      | Got a pair of distressingly furry boots {god gift}
  6903 | D:7      | Identified the +0 pair of boots "Byow" {Stlth+} (Okawaru gifted it to you on level 7 of the Dungeon)
  7270 | D:8      | Found Heseuq's Gadget Shop.
  7335 | D:8      | Noticed a purple ugly thing
  7353 | D:8      | Killed a purple ugly thing
  7449 | D:8      | Found a blossoming altar of Fedhas.
  7506 | D:9      | Found Waeduosu's Assorted Antiques.
  8080 | D:9      | Found a radiant altar of Vehumet.
  8100 | D:9      | Reached skill level 1 in Dodging
  8146 | D:9      | Found a staircase to the Lair.
  8155 | D:9      | Found Zapuud's Magic Scroll Shoppe.
  8347 | D:9      | Bought 2 scrolls of enchant armour for 210 gold pieces
  8370 | D:9      | Found Fulistrud's Magic Scroll Shop.
  8413 | D:9      | Noticed Prince Ribbit
  8421 | D:9      | Killed Prince Ribbit
  8421 | D:9      | Reached skill level 13 in Axes
  8455 | D:9      | Found Lexzagg's Food Boutique.
  8566 | D:10     | Entered Level 10 of the Dungeon
  8652 | D:11     | Noticed a brown ugly thing
  8662 | D:11     | Killed a brown ugly thing
  8662 | D:11     | Reached XP level 11. HP: 95/95 MP: 12/14
  8687 | D:11     | Noticed p0werm0de's ghost (journeyman GrBe)
  8768 | D:11     | Killed p0werm0de's ghost
  8775 | D:12     | Noticed a cyan ugly thing
  8980 | D:10     | Noticed Gastronok
  9003 | D:10     | Killed Gastronok
  9150 | D:10     | Noticed Psyche
  9162 | D:10     | Killed Psyche
  9494 | D:10     | Reached skill level 10 in Shields
  9497 | D:10     | Reached skill level 14 in Axes
 10043 | D:11     | Killed an unseen horror
 10097 | D:11     | Noticed a purple ugly thing
 10106 | D:11     | Killed a purple ugly thing
 10106 | D:11     | Received a gift from Okawaru
 10106 | D:11     | Reached skill level 5 in Evocations
 10111 | D:11     | Got a translucent scarf {god gift}
 10117 | D:11     | Identified the scarf of Amelioration {Dex+5 SInv} (Okawaru gifted it to you on level 11 of the Dungeon)
 10323 | D:11     | Reached XP level 12. HP: 103/104 MP: 15/15
 10324 | D:11     | Identified a scroll of acquirement
 10347 | D:11     | Found a roughly hewn altar of Beogh.
 10389 | D:12     | HP: 3/105 [crocodile (9)]
 10716 | D:11     | Reached skill level 15 in Axes
 10744 | D:11     | Noticed Nr616's ghost (journeyman DDEE)
 10764 | D:11     | Killed Nr616's ghost
 11149 | D:12     | Noticed troglodite's ghost (journeyman DsBe)
 11183 | D:12     | Killed troglodite's ghost
 11202 | D:12     | Reached ****** piety under Okawaru
 11219 | D:12     | Reached skill level 10 in Fighting
 11331 | D:12     | Slain by a fire elemental

Skill      XL: |  1  2  3  4  5  6  7  8  9 10 11 12 |
---------------+-------------------------------------+-----
Axes           | 3 4 7 8 10 11 13 14 15 | 15.8
Shields        | 4 5 6 7 9 10 11 | 11.3
Fighting       | 4 5 6 7 8 9 10 | 10.0
Armour         | 4 5 6 7 9 |  9.4
Evocations     | 1 2 4 5 6 |  6.0
Dodging        | 1 |  1.0
Stealth        | |  0.1

Action                   |  1- 3 |  4- 6 |  7- 9 | 10-12 || total
-------------------------+-------+-------+-------+-------++-------
Melee: War axe           |    72 |   159 |   395 |   660 ||  1286
Evoke: Wand              |       |       |    20 |    31 ||    51
  Use: Scroll            |     3 |     7 |    16 |    11 ||    37
       Potion            |       |     3 |     6 |    11 ||    20
  Eat: Bread ration      |       |     1 |       |       ||     1
       Royal jelly       |       |       |     6 |       ||     6
       Fruit             |       |       |     4 |    27 ||    31
Armor: Scale mail        |    15 |       |       |       ||    15
       Plate armour      |    36 |   129 |   195 |   263 ||   623
Dodge: Dodged            |    16 |    21 |    50 |    49 ||   136
Block: Shield            |    46 |    93 |   159 |       ||   298
       Large shield      |       |       |    22 |   485 ||   507
       Reflection        |       |       |     2 |    21 ||    23
